 Dungeon Crawl Stone Soup version 0.24.0-123-gd5b16e6ec5 (webtiles) character file.

Game seed: 2897028347144912588, levelgen mode: deterministic

107 brucemayne the Chopper (level 4, -1/39 HPs)
             Began as a Hill Orc Monk on Jan 26, 2020.
             Succumbed to an orc's poison
             ... on level 2 of the Dungeon.
             The game lasted 00:06:11 (1557 turns).

brucemayne the Chopper (Hill Orc Monk)              Turns: 1557, Time: 00:06:12

Health: -1/39      AC:  5    Str: 14    XL:     4   Next: 85%
Magic:  4/4        EV: 11    Int: 10    God:
Gold:   43         SH:  0    Dex: 13    Spells: 3/3 levels left

rFire    . . .     SeeInvis .   a - +0 hand axe
rCold    . . .     Gourm    .   (no shield)
rNeg     . . .     Faith    .   e - +0 ring mail
rPois    .         Spirit   .   (no helmet)
rElec    .         Reflect  .   (no cloak)
rCorr    .         Harm     .   (no gloves)
MR       .....                  (no boots)
Stlth    ..........             d - amulet of inaccuracy (curse)
HPRegen  0.13/turn              (no ring)
MPRegen  0.09/turn              (no ring)

@: confused, lethally poisoned (-1 -> -19)
A: no striking features
a: no special abilities


You were on level 2 of the Dungeon.
You were not hungry.

You visited 1 branch of the dungeon, and saw 4 of its levels.

You collected 43 gold pieces.

Inventory:

Hand Weapons
 a - a +0 hand axe (weapon)
 k - a +0 trident
Armour
 b - a +0 robe
 e - a +0 ring mail (worn)
 g - a +0 chain mail
 h - a +0 chain mail
 i - a +0 scale mail
Jewellery
 d - a cursed amulet of inaccuracy (around neck)
Scrolls
 l - a scroll of identify {unknown}
Comestibles
 c - 5 rations
 f - a chunk of flesh


   Skills:
 - Level 3.6 Fighting
 + Level 7.1 Axes
 - Level 2.4 Dodging
 - Level 1.5 Stealth


You had 3 spell levels left.
You didn't know any spells.
Your spell library was empty.

Dungeon Overview and Level Annotations

Branches:
Dungeon (4/15)
 Temple: D:4-7

Altars:
Nemelex Xobeh
Yredelemnul


Message History

A magic dart appears from out of thin air!
The magic dart hits you.
* * * LOW HITPOINT WARNING * * *
The orc hits you with a +0 hand axe of venom.
* * * LOW HITPOINT WARNING * * *
You aren't carrying any potions.
Unknown command.
You bump into the rock wall.
* * * LOW HITPOINT WARNING * * *
You feel sick. The orc barely misses you.
Unknown command.
Unknown command.
* * * LOW HITPOINT WARNING * * *
You feel sick.
The orc hits you with a +0 hand axe of venom.
* * * LOW HITPOINT WARNING * * *
You are more poisoned.
Unknown command.
You bump into the rock wall.
You die...

#..........#....##.##...#....(..
##.##......#...(........###...#.
#.##......#.#..##.##)#.# .....
#.................##.#.# ####
#.##.....##.#........#..
#.##.....##.#..###......#
#.####.####.#..###......# #.#
#.####.#..o......... #.#
#........@.##.....## #รท#
######.######....[.
#.#########.# ########
#...........# #############


You could see an orc.

Vanquished Creatures
  6 adders
  A leopard gecko (D:3)
  7 orcs
  3 giant cockroaches
  4 goblins (D:3)
  4 hobgoblins
  A quokka (D:2)
  3 bats
  4 frilled lizards
  8 kobolds
  8 rats
49 creatures vanquished.

Notes
Turn   | Place    | Note
-------+----------+-------------------------------------------
     0 | D:1      | brucemayne the Hill Orc Monk began the quest for the Orb.
     0 | D:1      | Reached XP level 1. HP: 19/19 MP: 1/1
   113 | D:2      | Found a basalt altar of Yredelemnul.
   147 | D:2      | Reached XP level 2. HP: 12/26 MP: 2/2
   212 | D:2      | Reached skill level 5 in Axes
   249 | D:2      | Noticed a phantom
   365 | D:3      | Reached XP level 3. HP: 11/31 MP: 3/3
   555 | D:3      | Reached skill level 6 in Axes
   687 | D:3      | Reached XP level 4. HP: 17/39 MP: 4/4
   963 | D:3      | Found a sparkling altar of Nemelex Xobeh.
   967 | D:3      | Noticed a sky beast
  1431 | D:2      | Reached skill level 7 in Axes
  1556 | D:2      | HP: 1/39 [orc/+0 hand axe of venom (3)]
  1557 | D:2      | Succumbed to an orc's poison

Levels and vault maps discovered:
D:1:      wander_arrival_fairy_ring, layout_loops_ring
D:2:      layout_loops_ring, yredelemnul_altar_generic,
          lemuel_coloured_pillars_altar, chequers_ecumenical_altar_twisty,
          first_ration
D:3:      minmay_razor_zed, layout_loops_corners, overflow_temple_1_default
D:4:      layout_loops_ring, hangedman_decor_riveting

Skill      XL: |  1  2  3  4 |
---------------+-------------+-----
Axes           | 5 6 7 |  7.1
Fighting       | |  3.6
Dodging        | |  2.4
Stealth        | |  1.5

Action                   |  1- 3 |  4- 6 || total
-------------------------+-------+-------++-------
Melee: Hand axe          |   158 |   145 ||   303
  Use: Potion            |     3 |     2 ||     5
       Scroll            |     2 |     1 ||     3
  Eat: Ration            |       |     1 ||     1
       Chunk             |       |     1 ||     1
Armor: Ring mail         |    65 |    32 ||    97
       Robe              |     4 |       ||     4
       Skin              |       |    38 ||    38
Dodge: Dodged            |   120 |    62 ||   182
